 Seeded DCSS version 0.32-a0-898-g7811c86cf0 (webtiles) character file.

Game seed: 202404042 (custom seed)

387 Orlauf the Twirler (level 6, -2/49 HPs)
             Began as a Demonspawn Gladiator on Apr 4, 2024.
             Slain by Pikel
             ... wielding a +0 whip of electrocution
              (9 damage)
             ... on level 4 of the Dungeon.
             The game lasted 00:04:05 (2855 turns).

Orlauf the Twirler (Demonspawn Gladiator)           Turns: 2855, Time: 00:04:06

Health: -2/49      AC:  8    Str: 17    XL:     6   Next: 49%
Magic:  15/15      EV:  9    Int:  8    God:
Gold:   165        SH:  8    Dex: 20    Spells: 5/5 levels left

rFire   . . .        a - +0 quarterstaff
rCold   . . .        (shield currently unavailable)
rNeg    . . .        g - +0 scale mail
rPois   .            c - +1 helmet
rElec   .            (no cloak)
rCorr   .            (no gloves)
SInv    .            (no boots)
Will    .....        (no amulet) Stlth
                     l - +6 ring of dexterity
HPRegen 0.28/turn    f - ring of magical power
MPRegen 0.14/turn

%: no passive effects
@: no status effects
A: large bone plates 3, powered by death 2
a: no special abilities


You were on level 4 of the Dungeon.
You visited 1 branch of the dungeon, and saw 4 of its levels.

You collected 165 gold pieces.

Inventory:

Hand Weapons
 a - a +0 quarterstaff (weapon)
 b - a +2 dagger of venom
Missiles
 d - a throwing net (quivered)
 e - a javelin
 h - 5 boomerangs
 o - 3 poisoned darts
Armour
 c - a +1 helmet (worn)
 g - a +0 scale mail (worn)
Jewellery
 f - a ring of magical power (right hand)
 k - a ring of fire
 l - a +6 ring of dexterity (left hand)
Scrolls
 n - a scroll of fear
 p - a scroll of teleportation {unknown}
Potions
 i - a potion of curing
 j - a potion of might {unknown}
 m - 2 potions of attraction
 q - a potion of degeneration {unknown}


   Skills:
 + Level 4.3 Fighting
 * Level 5.7 Staves
 - Level 1.7 Throwing
 - Level 2.6 Dodging


You had 5 spell levels left.
You didn't know any spells.
Your spell library was empty.

Dungeon Overview and Level Annotations

Branches:
Dungeon (4/15)
 Temple: D:4-7

Altars:

Shops:
D:4 [

Annotations:
D:4 Pikel


Innate Abilities, Weirdness & Mutations

You are completely covered in large bone plates. (SH +8)
You regenerate health from kills.


Message History

You are too injured to fight recklessly!
You are too injured to fight recklessly!
You are too injured to fight recklessly!
You are too injured to fight recklessly!
You are too injured to fight recklessly!
You are too injured to fight recklessly!
You are too injured to fight recklessly!
You are too injured to fight recklessly!
You are too injured to fight recklessly!
You are too injured to fight recklessly!
You are too injured to fight recklessly!
You are too injured to fight recklessly!
You are too injured to fight recklessly!
You are too injured to fight recklessly!
You are too injured to fight recklessly!
You are too injured to fight recklessly!
You sock Pikel!
Pikel is moderately wounded.
Pikel hits you with a +0 whip of electrocution.
You barely miss Pikel.
Pikel is moderately wounded.
You block Pikel's attack.
You hit Pikel but do no damage.
Pikel is moderately wounded.
Pikel hits you but does no damage.
You barely miss Pikel.
Pikel is moderately wounded.
Pikel hits you with a +0 whip of electrocution.
* * * LOW HITPOINT WARNING * * *
You thump Pikel!
Pikel is heavily wounded.
Pikel hits you with a +0 whip of electrocution.
* * * LOW HITPOINT WARNING * * *
You barely miss Pikel.
Pikel is heavily wounded.
Pikel hits you with a +0 whip of electrocution.
* * * LOW HITPOINT WARNING * * *
You are electrocuted!
You die...
Pikel says, "Another soul for the market."

#.# #######.# ###
########.......# #..
#.....##.......# #.#
###..###.#####.## #.# .
#....###.##.....###.# .K
#.##.....##.##....#.# ..5
#[...######.###.....# ..5.
####@#...##.# ###.### .....
####K#.#.##.#. #....
......###...5#.#.##.#.#.#####
.....55........#....#.#......
#####..........######.#######
#...................# #..
................###.#.###.#
###############.#.........#
#.#.#...##>.#


You could see Pikel and a lemure.

Vanquished Creatures
  A black bear (D:4)
  An ogre (D:4)
  A phantom (D:4)
  3 lemures (D:4)
  A bombardier beetle (D:3)
  4 adders
  A ribbon worm (D:3)
  A dart slug (D:1)
  An orc (D:3)
  5 ball pythons
  3 bats
  8 endoplasms
  5 giant cockroaches
  4 goblins
  6 hobgoblins
  3 jackals (D:2)
  3 quokkas
  3 frilled lizards
  4 kobolds
  5 rats
63 creatures vanquished.

Notes
Turn   | Place    | Note
-------+----------+-------------------------------------------
     0 | D:1      | Orlauf the Demonspawn Gladiator began the quest for the
                  | Orb.
     0 | D:1      | Reached XP level 1. HP: 16/16 MP: 1/1
   173 | D:1      | Reached skill level 3 in Staves
   181 | D:1      | Gained mutation: You are partially covered in large bone
                  | plates. (SH +4) [demonic ancestry]
   181 | D:1      | Reached XP level 2. HP: 15/22 MP: 2/2
   884 | D:2      | Found a faded altar of an unknown god.
   968 | D:2      | Gained mutation: You regenerate a little health from kills.
                  | [demonic ancestry]
   968 | D:2      | Reached XP level 3. HP: 28/28 MP: 3/3
  1744 | D:3      | Reached skill level 4 in Staves
  1744 | D:3      | Gained mutation: You are mostly covered in large bone
                  | plates. (SH +6) [demonic ancestry]
  1744 | D:3      | Reached XP level 4. HP: 12/35 MP: 4/4
  2583 | D:4      | Noticed a black bear
  2593 | D:4      | Killed a black bear
  2594 | D:4      | Gained mutation: You regenerate health from kills. [demonic
                  | ancestry]
  2594 | D:4      | Reached XP level 5. HP: 42/42 MP: 5/5
  2659 | D:4      | Noticed an ogre
  2668 | D:4      | Killed an ogre
  2669 | D:4      | Reached skill level 5 in Staves
  2669 | D:4      | Gained mutation: You are completely covered in large bone
                  | plates. (SH +8) [demonic ancestry]
  2669 | D:4      | Reached XP level 6. HP: 48/48 MP: 6/6
  2680 | D:4      | Found Reef's Armour Emporium.
  2801 | D:4      | Noticed Pikel
  2855 | D:4      | Slain by Pikel

Illustrated notes

Levels and vault maps discovered:
D:1:      psy_arrival_heroes, layout_loops_ring
D:2:      layout_basic, shapermc_ecumenical_altar_mp_vishouse,
          minmay_misc_feat_cross
D:3:      layout_basic, tso_oasis_becter
D:4:      layout_basic, temple_hall, serial_shops, shop, uniq_pikel

Skill      XL: |  1  2  3  4  5 |
---------------+----------------+-----
Staves         | 3 4 5 |  5.7
Fighting       | 3 4 |  4.3
Throwing       | |  1.7
Dodging        | |  2.6

Action                     |  1- 3 |  4- 6 || total
---------------------------+-------+-------++-------
  Melee: Quarterstaff      |   109 |   100 ||   209
  Throw: Throwing net      |       |     3 ||     3
    Use: Scroll            |     6 |       ||     6
   Stab: Sleeping          |     2 |       ||     2
         Held in net/web   |       |     2 ||     2
 Armour: Leather armour    |    17 |       ||    17
         Scale mail        |    41 |    42 ||    83
  Dodge: Dodged            |    47 |    35 ||    82
  Block: Other             |    14 |    28 ||    42

Table legend: (Time is in decaauts)
 A = Elapsed time spent in this place.
 B = Non-inter-level travel time spent in this place.
 C = Inter-level travel time spent in this place.
 D = Time resting spent in this place.
 E = Time spent auto-exploring this place.
 F = Levels seen in this place.
 G = Mean time per level.
                   A        B        C        D        E       F      G
               +--------+--------+--------+--------+--------+-----+--------+
         Total |   2870 |   2702 |    168 |    208 |   1965 |   4 |  717.5 |
       Dungeon |   2870 |   2702 |    168 |    208 |   1965 |   4 |  717.5 |
               +--------+--------+--------+--------+--------+-----+--------+

Top non-repeatable levels by time:
     D:3: 1097 daAuts
     D:1: 845 daAuts
     D:2: 640 daAuts
     D:4: 287 daAuts
